← All builds
Air / Legion / Economy first / OBSERVED BUILD

Standard air

Legion Air build order · Supreme Isthmus

Legion air player opens with Drone Plant and builds up economy with an Advanced Metal Extractor around 7 minutes, mostly holding off aircraft production early while supporting the team with transports and later Noctua bombers or other…

Usually no aircraft (84%)

#eco #air #team support · 54 distinct matches · 32 players · 78% of Legion Air games · team won 59% of 61 · Recently observed

HOW TO PLAY IT

Key timing: Legion Drone Plant by 1:21

  1. Take mex and wind while queuing the drone plant early.
  2. Get the drone plant up before 1:33 to start the economy base.
  3. Add an advanced mex to keep scaling economy for the team.
  4. Bring a fusion reactor online to support later tech.
  5. Supply allies with Noctua, Aeolus and Hippotes while building Noctua bombers.

Phase by phase

TYPICAL OF ITS 54 GAMES
  1. 1
  2. 2
  3. 3
PLAY THE OPENING

Follow the example game's first 6:00 step by step: what to build now, what comes next, and where it goes. At 1× it keeps pace with your own game.

  1. 1

    Up to the Legion Drone Plant

    Economy
    • Metal Extractor3Mex
    • Wind Turbine4Wind
    Order
    1. Legion Drone PlantLegion Drone Plant after 3 mex, 4 winddone ~1:24, middle half 1:16–1:35

    Some games also: energy storage (31%)

    By 1:02 in all: 3 mex · 4 wind

    The example game in this phase · 3 steps
    1. Mex ×3
    2. Wind ×2
    3. Legion Drone PlantLegion Drone Plantdone 1:11 · typical 1:24
  2. 2

    Legion Drone Plant to 5:00

    Economy
    • Metal Extractor1Mex
    • Wind Turbine11Wind
    • Wind Turbine3Wind
    • Energy Storage1Energy storage
    Builders
    • Construction Turret2 Con turret
    • Legion Construction Aircraft1 Legion Construction Aircraft
    Army
    • Noctua12 Noctua
    • Noctua2 Noctua for allies
    • Aeolus2 Aeolus for allies
    • Hippotes1 Hippotes for allies

    Some games also: converter (36%) · mex (34%)

    By 5:00 in all: 3 mex · 1 mex · 15 wind · 3 wind · 1 energy storage · 2 con turret

    The example game in this phase · 39 steps
    1. NoctuaNoctuafor Geo sea
    2. Wind ×2
    3. AeolusAeolusfor Geo sea
    4. Wind
    5. NoctuaNoctuafor Beach sea
    6. Wind
    7. AeolusAeolus
    8. Wind
    9. Legion Construction AircraftLegion Construction Aircraft
    10. Wind
    11. NoctuaNoctua
    12. Wind
    13. Con turret
    14. NoctuaNoctua
    15. Con turret
    16. NoctuaNoctua ×4
    17. Mex
    18. NoctuaNoctua
    19. Converter
    20. NoctuaNoctua ×2
    21. Wind
    22. NoctuaNoctua ×2
    23. Converter
    24. Wind
    25. NoctuaNoctua
    26. Wind
    27. NoctuaNoctua
    28. Wind
    29. NoctuaNoctua
    30. Wind
    31. Legion Construction AircraftLegion Construction Aircraft
    32. Converter
    33. Wind ×2
    34. Con turret
    35. Converter
    36. Wind ×2
    37. AeolusAeolusfor Tech
    38. Converter
    39. Wind
  3. 3

    5:00 to 10:00

    Economy
    • Wind Turbine18Wind
    • Wind Turbine4Wind
    • Energy Converter8Converter
    Order
    1. Legion Drone PlantEat Legion Drone Plant in 75% of games
    Builders
    • Construction Turret3 Con turret
    Army
    • Noctua21 Noctua

    Some games also: Legion Drone Plant (48%) · fusion (39%) · aeolus (36%) · mosquito (34%) · Legion Construction Aircraft (34%)

    By 10:00 in all: 3 mex · 1 mex · 24 wind · 20 wind · 9 converter · 1 energy storage

    The example game in this phase · 242 steps
    1. Converter
    2. Con turret
    3. Wind
    4. PharosPharos
    5. Wind
    6. Converter
    7. Wind
    8. Legion Construction AircraftLegion Construction Aircraft
    9. Con turret
    10. Wind
    11. Converter
    12. Wind
    13. AeolusAeolus
    14. Converter
    15. Wind ×2
    16. Converter
    17. Wind
    18. Converter
    19. Wind
    20. PharosPharos
    21. Wind
    22. Converter
    23. Wind
    24. AeolusAeolusfor Geo
    25. Wind
    26. Converter
    27. Wind ×2
    28. Converter
    29. NoctuaNoctua
    30. Wind
    31. PharosPharos
    32. NoctuaNoctua
    33. Con turret
    34. Wind ×2
    35. Converter
    36. Wind ×2
    37. Mex
    38. Con turret
    39. Wind
    40. Mexfor Beach sea
    41. NoctuaNoctua
    42. Wind
    43. Converter
    44. Wind ×2
    45. NoctuaNoctua
    46. Converter
    47. Wind
    48. NoctuaNoctua
    49. Wind
    50. NoctuaNoctua ×2
    51. Wind
    52. Converter
    53. Wind
    54. HippotesHippotesfor Geo
    55. Converter
    56. Wind
    57. Converter
    58. Wind
    59. NoctuaNoctua
    60. Wind
    61. NoctuaNoctua ×2
    62. Converter
    63. Wind
    64. NoctuaNoctua ×4
    65. Converter
    66. Wind
    67. NoctuaNoctua
    68. Wind
    69. NoctuaNoctua
    70. Wind
    71. Converter
    72. Wind
    73. NoctuaNoctua
    74. BrambleBramble
    75. Wind
    76. NoctuaNoctua ×2
    77. Converter
    78. NoctuaNoctua ×2
    79. Converter
    80. Wind
    81. Wind
    82. NoctuaNoctua ×2
    83. Wind
    84. Converter
    85. NoctuaNoctua
    86. Wind
    87. NoctuaNoctua
    88. Wind
    89. Wind
    90. Converter
    91. NoctuaNoctua ×2
    92. Wind
    93. NoctuaNoctua
    94. Wind
    95. NoctuaNoctua
    96. Wind
    97. NoctuaNoctua
    98. Wind
    99. Converter
    100. Wind
    101. NoctuaNoctua ×2
    102. Wind
    103. NoctuaNoctua
    104. Converter
    105. Wind
    106. Wind
    107. Wind ×2
    108. Wind
    109. Converter
    110. Wind ×2
    111. Wind
    112. Converter
    113. Wind
    114. Wind
    115. Wind
    116. Con turret
    117. Wind
    118. Converter
    119. Wind
    120. Advanced Metal ExtractorT2 mexdone 10:28 · typical 7:04
    121. Wind
    122. Wind
    123. Wind
    124. Converter
    125. Advanced Metal ExtractorT2 mex
    126. Wind
    127. Wind
    128. Legion Drone PlantEat Legion Drone Plantreclaimed for its metal
    129. Converter
    130. Dragon's TeethDragon's Teeth
    131. Converter
    132. Wind
    133. Advanced Metal ExtractorT2 mex
    134. Dragon's TeethDragon's Teeth ×2
    135. Converter
    136. Dragon's TeethDragon's Teeth
    137. Con turret
    138. Advanced Metal ExtractorT2 mex
    139. Dragon's TeethDragon's Teeth
    140. Converter
    141. Wind
    142. Con turret
    143. Wind
    144. Dragon's TeethDragon's Teeth
    145. Converter
    146. Wind
    147. Dragon's TeethDragon's Teeth ×2
    148. Converter
    149. Dragon's TeethDragon's Teeth ×2
    150. Advanced Fusion ReactorAdvanced Fusion Reactornot finished by 15:00
    151. Dragon's TeethDragon's Teeth ×4
    152. Wind
    153. Converter
    154. Dragon's TeethDragon's Teeth ×8
    155. Wind
    156. Dragon's TeethDragon's Teeth ×6
    157. Wind
    158. Con turret
    159. Dragon's TeethDragon's Teeth ×3
    160. Wind
    161. Dragon's TeethDragon's Teeth
    162. Wind
    163. Dragon's TeethDragon's Teeth ×3
    164. Wind
    165. Wind
    166. Dragon's TeethDragon's Teeth ×3
    167. Wind
    168. Con turret
    169. Dragon's TeethDragon's Teeth ×3
    170. Wind
    171. Dragon's TeethDragon's Teeth ×3
    172. Legion Drone PlantLegion Drone Plantdone 12:53
    173. Wind
    174. Wind
    175. Dragon's TeethDragon's Teeth ×3
    176. Wind
    177. Dragon's TeethDragon's Teeth
    178. NoctuaNoctua
    179. Dragon's TeethDragon's Teeth
    180. NoctuaNoctua
    181. Dragon's TeethDragon's Teeth
    182. NoctuaNoctua
    183. Wind
    184. Wind
    185. Dragon's TeethDragon's Teeth
    186. NoctuaNoctua
    187. Dragon's TeethDragon's Teeth
    188. NoctuaNoctua
    189. Dragon's TeethDragon's Teeth
    190. Wind
    191. PharosPharos
    192. NoctuaNoctua
    193. Dragon's TeethDragon's Teeth ×2
    194. PharosPharos
    195. NoctuaNoctua
    196. Wind
    197. Dragon's TeethDragon's Teeth
    198. PharosPharos
    199. Dragon's TeethDragon's Teeth
    200. Wind
    201. NoctuaNoctua
    202. Wind
    203. NoctuaNoctua ×3
    204. Wind
    205. NoctuaNoctua ×2
    206. Wind
    207. Wind
    208. NoctuaNoctua
    209. Dragon's TeethDragon's Teeth
    210. NoctuaNoctua
    211. Dragon's TeethDragon's Teeth
    212. Wind
    213. Dragon's TeethDragon's Teeth
    214. NoctuaNoctua
    215. Dragon's TeethDragon's Teeth
    216. NoctuaNoctua
    217. Dragon's TeethDragon's Teeth ×2
    218. Wind
    219. NoctuaNoctua
    220. Dragon's TeethDragon's Teeth ×2
    221. NoctuaNoctua
    222. Dragon's TeethDragon's Teeth
    223. Wind
    224. Legion Construction AircraftLegion Construction Aircraft
    225. Dragon's TeethDragon's Teeth ×3
    226. NoctuaNoctua
    227. Dragon's TeethDragon's Teeth
    228. Con turret
    229. NoctuaNoctua
    230. Dragon's TeethDragon's Teeth ×2
    231. NoctuaNoctua
    232. Dragon's TeethDragon's Teeth
    233. NoctuaNoctua
    234. Dragon's TeethDragon's Teeth
    235. NoctuaNoctua
    236. Dragon's TeethDragon's Teeth
    237. Wind
    238. NoctuaNoctua ×2
    239. Dragon's TeethDragon's Teeth ×2
    240. NoctuaNoctua
    241. Dragon's TeethDragon's Teeth ×2
    242. NoctuaNoctua

Counts are medians over the build's games: half of them build more, half fewer. The example game is RollingBread's (33 OS, 29/09/2026); pick another.

Team trades

IN AT LEAST 30% OF ITS GAMES

You hand over

  • Noctua2 Noctua to Geo or Geo sea or Beach seafirst at 1:49 · in 92% of games
  • Aeolus3 Aeolus to Tech or Geo sea or Beach seafirst at 2:17 · in 100% of games
  • Hippotes1 Hippotes to Beach seafirst at 2:36 · in 61% of games

You get

  • Wind Turbine3 Wind from Beach sea or Geo seafirst at 1:28 · in 38% of games
  • Wind Turbine2 Wind from Geo sea or Beach seafirst at 1:31 · in 43% of games
  • Construction Bot1 Con bot from Techfirst at 2:24 · in 75% of games
  • Advanced Construction Bot1 T2 con bot from Techfirst at 6:05 · in 84% of games

How it plays out

Typical game of this build, running totals by minute

Metal produced

010k20k30k
0:005:0010:0015:00

metal

Enemy metal destroyed

01k2k3k
0:005:0010:0015:00

metal

Own metal lost

01k2k
0:005:0010:0015:00

metal

61 games.

Show as table
ByMetal produced: This buildEnemy metal destroyed: This buildOwn metal lost: This build
1:0039000
2:0091500
3:00145000
4:0020234040
5:0027096080
6:003519125120
7:004740201145
8:006308255200
9:008531360206
10:0010985416360
11:0013512534411
12:0016119683720
13:00189828681240
14:002236313291575
15:002559822581968
WHAT THE NUMBERS SAY

This Legion air baseline wins half its games, with far lower losses and kills than the front-facing roles by 15:00.

  • + Lowest own metal lost among air builds shown, 1850 by 15:00.
  • − Enemy metal destroyed stays low at 2055 by 15:00, little offensive impact.
THE EXAMPLE YOU ARE READING

RollingBread

33.2 OS · 29/09/2026

Open source match ↗

4 received units · includes a constructor
2089 metal received · 21359 energy received

Allied construction assistance is unknown. Timings are observations, not a promise of solo reproducibility.

Typical milestones

Legion Drone Plant1:24Middle 50%: 1:16–1:35 · n=61
Advanced Metal Extractor7:04Middle 50%: 6:26–7:37 · n=52
Fusion Reactor10:29Middle 50%: 9:47–11:41 · n=33

Played most by

Hunfore6games of this buildBoozha5games of this buildTheGeneraI5games of this buildXuunnY5games of this buildAlexspeed3games of this build